 Dungeon Crawl Stone Soup version 0.31.0-11-ge490571c62 (webtiles) character file.

Game seed: 815358891701480447

49 qw the Shooter (level 3, 0/20 HPs)
             Began as a Deep Elf Hunter on Feb 3, 2024.
             Slain by a rat (2 damage)
             ... on level 1 of the Dungeon.
             The game lasted 00:00:03 (696 turns).

qw the Shooter (Deep Elf Hunter)                     Turns: 696, Time: 00:00:03

Health: 0/20       AC:  3    Str: 10    XL:     3   Next: 51%
Magic:  5/5        EV: 12    Int: 13    God:
Gold:   22         SH:  0    Dex: 18    Spells: 2/2 levels left

rFire   . . .        a - +0 shortbow
rCold   . . .        (shield currently unavailable)
rNeg    . . .        c - +0 leather armour
rPois   .            (no helmet)
rElec   .            (no cloak)
rCorr   .            (no gloves)
SInv    .            (no boots)
Will    .....        (no amulet)
Stlth   ++           (no ring)
HPRegen 0.23/turn    (no ring)
MPRegen 0.09/turn

%: no passive effects
@: no status effects
A: no striking features
a: no special abilities


You were on level 1 of the Dungeon.
You visited 1 branch of the dungeon, and saw 2 of its levels.

You collected 22 gold pieces.


   Skills:
 - Level 1.5 Fighting
 + Level 7.0 Ranged Weapons
 - Level 2.4 Dodging
 - Level 1.2 Stealth


You had 2 spell levels left.
You didn't know any spells.
Your spell library was empty.

Inventory:

Hand Weapons
 a - a +0 shortbow (weapon)
Armour
 c - a +0 leather armour (worn)
Potions
 e - a potion of mutation
 h - a potion of curing {unknown}

Dungeon Overview and Level Annotations

Branches:
Dungeon (2/15)

Altars:


Message History

The hobgoblin hits you. The adder barely misses you.
The ball python closely misses you. The ball python grabs you.
The ball python constricts you. The rat completely misses you.
The hobgoblin closely misses you.
There is a stone staircase leading up, spattered with blood here.
You shoot an arrow.
The arrow barely misses the ball python.
The arrow hits the sleepcap.
The sleepcap is moderately damaged.
The adder misses you.
The ball python bites you but does no damage.
The ball python constricts you. The adder completely misses you.
The rat completely misses you. The hobgoblin barely misses you.
You shoot an arrow. The arrow hits the ball python.
You kill the ball python!
The adder closely misses you. The rat misses you.
The hobgoblin hits you but does no damage.
691 ||| STAIRDANCE The adder bites you but does no damage.
The gnoll closely misses you. The rat bites you but does no damage.
The hobgoblin barely misses you. The sleepcap releases spores at you.
You climb upwards.
There is a stone staircase leading down here.
You shoot an arrow.
The arrow hits the sleepcap but does no damage.
The sleepcap is lightly damaged.
The adder bites you. x2; The sleepcap closely misses you.
The hobgoblin misses you. The rat bites you but does no damage.
You shoot an arrow. The arrow hits the sleepcap.
The sleepcap is moderately damaged.
The adder misses you. The hobgoblin closely misses you. The rat bites you.
The sleepcap closely misses you.
You shoot an arrow. The arrow hits the sleepcap.
The sleepcap is heavily damaged.
The adder bites you. The hobgoblin barely misses you.
The sleepcap barely misses you. The rat bites you. The adder misses you.
You shoot an arrow. The arrow hits the sleepcap!
The sleepcap is almost destroyed.
The adder bites you. The hobgoblin completely misses you. The rat bites you.
You die...

#.# #.....# #.##.##
#.# #.....# #.##.##
#####.## #.....#
#....## #......#
#.....# #......
#.##...###!....#
##.####
#.#..#..######## #.#
#.#.###.# #.#
#.#..#.S####### #.#
#......r@g....# #:#
#.....#f#####.######.#
#.###.#.#####.#......#
#.# #.#.##......######
#.###......##.###
#.....#.#####.#
#######.......#
#########


You could see a sleepcap, an adder, a hobgoblin and a rat.

Vanquished Creatures
  A gnoll (D:1)
  A dart slug (D:1)
  4 ball pythons
  2 bats (D:1)
  2 endoplasms (D:1)
  2 giant cockroaches (D:1)
  5 goblins (D:1)
  3 hobgoblins (D:1)
  3 jackals (D:1)
  A kobold (D:1)
  4 quokkas (D:1)
  A frilled lizard (D:1)
  A rat (D:1)
30 creatures vanquished.

Notes
Turn   | Place    | Note
-------+----------+-------------------------------------------
     0 | D:1      | qw the Deep Elf Hunter began the quest for the Orb.
     0 | D:1      | Reached XP level 1. HP: 12/12 MP: 3/3
     0 | D:1      | 0 ||| qw: Version: 0.3-a-155-g5e7d8dd
     0 | D:1      | 0 ||| qw: Game counter: 3491
     0 | D:1      | 0 ||| qw: Melee chars always use a shield: true
     0 | D:1      | 0 ||| qw: God list: Okawaru
     0 | D:1      | 0 ||| qw: Allow faded altars: false
     0 | D:1      | 0 ||| qw: Do Orc after clearing Dungeon:15 true
     0 | D:1      | 0 ||| qw: Do second Lair branch before Depths: true
     0 | D:1      | 0 ||| qw: Lair rune preference: random
     0 | D:1      | 0 ||| qw: Goals: Normal
     0 | D:1      | 0 ||| PLANNING D:1-11
    83 | D:1      | Reached skill level 6 in Ranged Weapons
    83 | D:1      | Reached XP level 2. HP: 16/16 MP: 4/4
   448 | D:1      | Reached XP level 3. HP: 20/20 MP: 5/5
   577 | D:1      | 577 ||| READING 2 scrolls labelled MEKHYN XUSITWERPH.
   577 | D:1      | 577 ||| IDENTIFYING fuming inky potion
   578 | D:1      | 578 ||| READING scroll of identify.
   578 | D:1      | 578 ||| IDENTIFYING viscous orange potion
   579 | D:1      | 579 ||| READING scroll labelled EMEUTA AJO.
   580 | D:1      | 580 ||| DROPPING scroll of butterflies.
   581 | D:1      | 581 ||| DROPPING potion of attraction.
   611 | D:2      | 611 ||| STAIRDANCE
   621 | D:2      | 621 ||| STAIRDANCE
   628 | D:1      | Reached skill level 7 in Ranged Weapons
   691 | D:2      | 691 ||| STAIRDANCE
   695 | D:1      | HP: 4/20 [adder (2)]
   696 | D:1      | Slain by a rat

Levels and vault maps discovered:
D:1:      lightli_arrival_quake, layout_loops_cross
D:2:      layout_rooms, uniq_crazy_yiuf_cottage

Skill      XL: |  1  2  3 |
---------------+----------+-----
Ranged Weapons | 6 7 |  7.0
Fighting       | |  1.5
Dodging        | |  2.4
Stealth        | |  1.2

Action                     || total
---------------------------++-------
   Fire: Shortbow          ||    72
    Use: Scroll            ||     3
 Armour: Leather armour    ||    27
  Dodge: Dodged            ||    45

Table legend:
 A = Non-vault XP
 B = Vault XP
 C = Vault XP percentage of total XP
 D = Non-vault monster count
 E = Vault monster count
 F = Vault count percentage of total count
                 A         B        C        D         E       F
            +---------+---------+-------+---------+---------+-------
      Total |      70 |       0 |   0.0 |      30 |       0 |   0.0
            +---------+---------+-------+---------+---------+-------
        D:1 |      68 |       0 |   0.0 |      29 |       0 |   0.0
        D:2 |       2 |       0 |   0.0 |       1 |       0 |   0.0
            +---------+---------+-------+---------+---------+-------
